[ AOE2 MATCH · #459469291 ]
UnrankedJapanese vs Spanish
Player's team · LOSS
Rival team · WIN
[ REPLAY ANALYSIS · EXTRACTED FROM THE RECORDED GAME ]
Feudal
12:35
Castle
23:39
Imperial
40:58
| APM avg | 57.3 |
| APM peak | 111 |
| eAPM avg | 24.6 |
| Villagers / military | 101 / 324 |
Focus
⚔️ 32.8% · 🌾 67.2%
Fire Galley ×85 · Samurai ×48 · Skirmisher ×38 · Cannon Galleon ×36 · Demolition Raft ×33 · Spearman ×26
Feudal
12:40
Castle
19:48
Imperial
43:37
| APM avg | 37.7 |
| APM peak | 111 |
| eAPM avg | 22.7 |
| Villagers / military | 150 / 272 |
Focus
⚔️ 45.7% · 🌾 54.3%
Trade Cog ×152 · Fire Galley ×140 · Galley ×65 · Cannon Galleon ×24 · Scout Cavalry ×20 · Fishing Ship ×13
Match map
Initial resources + every placement click. Lines = walls · curves = elevation contours. ◆ gold · ⬟ stone · ● berries · ✦ relic · ◌ wall gap
Your base· ✓ Map-separated
Poopass's base· ✓ Map-separated
Smoothed initial terrain · ◌ = detected wall gap · hover for details
Inputs per minute
— Relic | Juanito Alimaña - - Poopass
Build order — Relic | Juanito Alimaña
First 150 of 612 actions detected
| 0:02 | Build | House |
| 0:04 | Build | House |
| 0:06 | Create | Villager (Male) |
| 0:06 | Create | Villager (Male) |
| 0:06 | Create | Villager (Male) |
| 0:26 | Create | Villager (Male) |
| 1:31 | Create | Villager (Male) |
| 1:50 | Build | Lumber Camp |
| 2:06 | Create | Villager (Male) |
| 2:06 | Create | Villager (Male) |
| 2:19 | Create | Villager (Male) |
| 2:53 | Create | Villager (Male) |
| 3:09 | Create | Villager (Male) |
| 3:41 | Create | Villager (Male) |
| 3:51 | Create | Villager (Male) |
| 4:20 | Build | Dock |
| 4:25 | Build | House |
| 4:29 | Create | Villager (Male) |
| 5:08 | Create | Villager (Male) |
| 5:08 | Create | Villager (Male) |
| 5:13 | Build | Mill |
| 5:28 | Build | House |
| 5:42 | Create | Fishing Ship |
| 5:55 | Create | Villager (Male) |
| 6:12 | Create | Villager (Male) |
| 6:25 | Create | Fishing Ship |
| 6:46 | Create | Villager (Male) |
| 7:27 | Create | Villager (Male) |
| 7:37 | Create | Villager (Male) |
| 7:44 | Create | Fishing Ship |
| 7:53 | Create | Villager (Male) |
| 8:06 | Create | Villager (Male) |
| 8:13 | Create | Fishing Ship |
| 8:21 | Build | House |
| 8:54 | Create | Villager (Male) |
| 9:09 | Create | Villager (Male) |
| 9:12 | Create | Villager (Male) |
| 9:17 | Create | Fishing Ship |
| 9:25 | Build | House |
| 9:29 | Build | House |
| 9:31 | Create | Villager (Male) |
| 9:53 | Create | Fishing Ship |
| 10:07 | Create | Fishing Ship |
| 10:13 | Research | Feudal Age |
| 10:27 | Create | Fishing Ship |
| 10:41 | Build | Dock |
| 10:43 | Create | Villager (Male) |
| 10:50 | Create | Fishing Ship |
| 11:04 | Build | Lumber Camp |
| 11:05 | Create | Villager (Male) |
| 11:43 | Build | House |
| 12:09 | Build | Mining Camp |
| 12:13 | Create | Villager (Male) |
| 12:23 | Create | Fishing Ship |
| 12:35 | Age | Feudal Age |
| 12:35 | Create | Transport Ship |
| 12:39 | Create | Villager (Male) |
| 12:51 | Build | Barracks |
| 12:58 | Create | Villager (Male) |
| 13:02 | Research | Double-Bit Axe |
| 13:05 | Create | Villager (Male) |
| 13:08 | Create | Demolition Raft |
| 13:37 | Create | Fire Galley |
| 13:42 | Build | House |
| 13:43 | Create | Villager (Male) |
| 13:55 | Build | House |
| 13:56 | Build | House |
| 14:00 | Build | Farm |
| 14:02 | Create | Demolition Raft |
| 14:08 | Create | Demolition Raft |
| 14:17 | Create | Demolition Raft |
| 14:21 | Create | Fishing Ship |
| 14:32 | Create | Villager (Male) |
| 14:38 | Create | Villager (Male) |
| 14:41 | Build | Farm |
| 14:43 | Create | Demolition Raft |
| 14:56 | Create | Demolition Raft |
| 15:00 | Create | Fishing Ship |
| 15:03 | Create | Villager (Male) |
| 15:06 | Build | Farm |
| 15:07 | Create | Villager (Male) |
| 15:40 | Create | Villager (Male) |
| 15:43 | Build | Farm |
| 15:45 | Create | Demolition Raft |
| 16:18 | Create | Demolition Raft |
| 16:27 | Build | Mining Camp |
| 16:42 | Create | Fire Galley |
| 16:46 | Create | Fire Galley |
| 16:53 | Build | Dock |
| 16:57 | Create | Villager (Male) |
| 17:00 | Create | Villager (Male) |
| 17:27 | Create | Fire Galley |
| 17:55 | Create | Unit 2626 |
| 17:55 | Create | Unit 2626 |
| 18:01 | Create | Villager (Male) |
| 18:01 | Create | Villager (Male) |
| 18:02 | Create | Villager (Male) |
| 18:04 | Build | Farm |
| 18:07 | Build | Farm |
| 18:21 | Create | Fire Galley |
| 18:21 | Create | Fire Galley |
| 18:27 | Build | House |
| 18:28 | Build | House |
| 18:29 | Create | Villager (Male) |
| 18:39 | Build | Farm |
| 18:45 | Create | Fire Galley |
| 18:45 | Create | Fire Galley |
| 19:14 | Build | Stable |
| 19:15 | Create | Villager (Male) |
| 19:23 | Build | Farm |
| 19:24 | Create | Villager (Male) |
| 19:27 | Build | Market |
| 19:30 | Build | Lumber Camp |
| 19:32 | Build | Lumber Camp |
| 19:33 | Create | Villager (Male) |
| 19:48 | Create | Villager (Male) |
| 20:39 | Create | Fire Galley |
| 20:39 | Create | Fire Galley |
| 20:47 | Build | House |
| 20:48 | Build | House |
| 20:55 | Create | Villager (Male) |
| 20:59 | Research | Castle Age |
| 21:03 | Create | Spearman |
| 21:03 | Create | Spearman |
| 21:28 | Build | Stable |
| 21:30 | Create | Villager (Male) |
| 21:34 | Build | Farm |
| 21:51 | Create | Spearman |
| 21:54 | Build | Blacksmith |
| 22:07 | Create | Fire Galley |
| 22:07 | Create | Fire Galley |
| 22:28 | Create | Villager (Male) |
| 22:33 | Build | Stable |
| 22:44 | Create | Villager (Male) |
| 23:00 | Build | Lumber Camp |
| 23:39 | Age | Castle Age |
| 24:03 | Research | War Galley (upgrade) |
| 24:13 | Create | Villager (Male) |
| 24:14 | Create | Villager (Male) |
| 24:16 | Build | Farm |
| 24:40 | Create | Knight |
| 24:41 | Create | Knight |
| 24:41 | Create | Knight |
| 24:42 | Create | Villager (Male) |
| 24:46 | Create | Villager (Male) |
| 24:51 | Create | Villager (Male) |
| 24:51 | Create | Villager (Male) |
| 25:01 | Build | Mining Camp |
| 25:05 | Create | Villager (Male) |
| 25:08 | Create | Knight |
Build order — Poopass
First 150 of 778 actions detected
| 0:01 | Create | Villager (Male) ×4 |
| 0:01 | Build | House |
| 0:03 | Build | House |
| 1:29 | Create | Villager (Male) |
| 1:46 | Build | Lumber Camp |
| 1:57 | Create | Villager (Male) |
| 2:17 | Create | Villager (Male) |
| 2:45 | Create | Villager (Male) |
| 2:45 | Create | Villager (Male) |
| 3:00 | Build | House |
| 3:01 | Build | House |
| 3:16 | Create | Villager (Male) |
| 3:39 | Create | Villager (Male) |
| 3:50 | Create | Villager (Male) |
| 4:17 | Create | Villager (Male) |
| 4:40 | Build | Dock |
| 5:01 | Create | Villager (Male) ×2 |
| 5:21 | Create | Fishing Ship |
| 5:44 | Research | Loom |
| 5:46 | Create | Villager (Male) |
| 5:58 | Create | Fishing Ship |
| 6:37 | Build | Dock |
| 6:39 | Create | Villager (Male) ×2 |
| 6:49 | Build | House |
| 6:49 | Build | House |
| 7:03 | Create | Fishing Ship |
| 7:27 | Create | Fishing Ship |
| 7:27 | Create | Fishing Ship |
| 7:31 | Create | Villager (Male) |
| 7:56 | Create | Villager (Male) |
| 7:56 | Create | Villager (Male) |
| 7:57 | Create | Villager (Male) |
| 7:57 | Create | Villager (Male) |
| 8:07 | Create | Villager (Male) |
| 8:13 | Create | Fishing Ship |
| 8:14 | Create | Fishing Ship |
| 8:52 | Build | Dock |
| 9:16 | Build | Lumber Camp |
| 9:34 | Create | Fishing Ship |
| 9:44 | Build | House |
| 9:59 | Create | Fishing Ship |
| 10:04 | Create | Villager (Male) |
| 10:11 | Build | House |
| 10:14 | Create | Villager (Male) |
| 10:14 | Create | Villager (Male) |
| 10:18 | Research | Feudal Age |
| 10:41 | Build | Mining Camp |
| 10:59 | Create | Fishing Ship |
| 10:59 | Create | Fishing Ship |
| 11:17 | Create | Fishing Ship |
| 11:22 | Build | House |
| 11:37 | Create | Fishing Ship |
| 11:49 | Build | House |
| 12:27 | Create | Villager (Male) ×5 |
| 12:40 | Age | Feudal Age |
| 12:41 | Research | Double-Bit Axe |
| 12:42 | Research | Gold Mining |
| 12:44 | Create | Galley |
| 12:44 | Create | Galley |
| 12:45 | Create | Galley |
| 12:46 | Create | Galley |
| 13:08 | Build | Mill |
| 13:30 | Create | Galley |
| 13:30 | Create | Galley |
| 13:41 | Create | Galley |
| 14:09 | Build | Market |
| 14:20 | Build | Market |
| 14:26 | Build | House |
| 14:32 | Create | Galley |
| 14:32 | Create | Galley |
| 14:36 | Create | Villager (Male) |
| 14:53 | Research | Horse Collar |
| 15:07 | Build | Blacksmith |
| 15:11 | Create | Villager (Male) |
| 15:36 | Create | Villager (Male) |
| 15:40 | Build | Farm |
| 15:41 | Build | Farm |
| 15:41 | Build | Farm |
| 15:41 | Build | Farm |
| 15:41 | Build | Farm |
| 16:18 | Create | Fire Galley |
| 16:18 | Create | Fire Galley |
| 16:41 | Create | Villager (Male) |
| 16:53 | Build | House |
| 16:54 | Build | House |
| 16:58 | Build | Farm |
| 16:58 | Build | Farm |
| 16:58 | Build | Farm |
| 16:59 | Build | Farm |
| 17:01 | Build | Farm |
| 17:05 | Build | House |
| 17:08 | Research | Castle Age |
| 17:32 | Build | Lumber Camp |
| 18:42 | Build | Barracks |
| 19:17 | Research | Scale Barding Armor |
| 19:17 | Research | Forging |
| 19:29 | Build | Stable |
| 19:33 | Build | Stable |
| 19:43 | Create | Villager (Male) ×5 |
| 19:48 | Age | Castle Age |
| 19:49 | Research | Bow Saw |
| 19:52 | Research | Stone Mining |
| 20:07 | Build | Town Center |
| 20:33 | Create | Villager (Male) |
| 20:46 | Research | Heavy Plow |
| 20:46 | Research | Heavy Plow |
| 21:02 | Build | Town Center |
| 21:28 | Create | Villager (Male) |
| 21:29 | Create | Villager (Male) |
| 21:55 | Research | War Galley (upgrade) |
| 22:00 | Create | Galley |
| 22:00 | Create | Galley |
| 22:00 | Create | Galley |
| 22:24 | Build | Town Center |
| 22:32 | Create | Villager (Male) ×5 |
| 22:53 | Create | Villager (Male) |
| 22:53 | Create | Villager (Male) |
| 23:07 | Research | Fletching |
| 23:10 | Research | Wheelbarrow |
| 23:18 | Create | Villager (Male) |
| 23:19 | Create | Villager (Male) |
| 23:27 | Build | Town Center |
| 23:54 | Create | Villager (Male) ×5 |
| 23:57 | Research | Husbandry |
| 23:57 | Research | Bloodlines |
| 24:29 | Create | Fire Galley |
| 24:29 | Create | Fire Galley |
| 24:29 | Create | Fire Galley |
| 24:30 | Create | Fire Galley |
| 24:47 | Create | Villager (Male) ×5 |
| 25:11 | Create | Fire Galley ×5 |
| 25:17 | Create | Villager (Male) ×5 |
| 25:37 | Create | Villager (Male) ×5 |
| 25:43 | Build | Farm |
| 25:44 | Build | Farm |
| 25:44 | Build | Farm |
| 25:44 | Build | Farm |
| 25:44 | Build | Farm |
| 25:45 | Build | Farm |
| 25:48 | Build | House |
| 25:48 | Build | House |
| 25:48 | Build | House |
| 25:48 | Build | House |
| 25:48 | Build | House |
| 25:48 | Build | House |
| 25:48 | Build | House |
| 25:48 | Build | House |
| 25:48 | Build | House |
| 25:48 | Build | House |
| 25:48 | Build | House |
Match timeline
| 4:20 | Relic | Juanito Alimaña · first_building Dock |
| 4:40 | Poopass · first_building Dock |
| 12:35 | Relic | Juanito Alimaña · age_up feudal |
| 12:40 | Poopass · age_up feudal |
| 12:51 | Relic | Juanito Alimaña · first_building Barracks |
| 17:07 | Poopass · first_market_buy 100 food |
| 18:42 | Poopass · first_building Barracks |
| 19:14 | Relic | Juanito Alimaña · first_building Stable |
| 19:29 | Poopass · first_building Stable |
| 19:48 | Poopass · age_up castle |
| 21:47 | Relic | Juanito Alimaña · first_market_buy 100 wood |
| 21:52 | Poopass · first_market_sell 100 food |
| 23:39 | Relic | Juanito Alimaña · age_up castle |
| 26:28 | Relic | Juanito Alimaña · first_building Siege Workshop |
| 28:17 | Poopass · first_building Monastery |
| 29:55 | Poopass · first_building Castle |
| 35:53 | Poopass · first_building Archery Range |
| 36:40 | Relic | Juanito Alimaña · first_building Castle |
| 36:55 | Relic | Juanito Alimaña · first_building Archery Range |
| 40:01 | Poopass · wall_segment Stone Wall x7 |
| 40:49 | Relic | Juanito Alimaña · first_market_sell 100 stone |
| 40:58 | Relic | Juanito Alimaña · age_up imperial |
| 43:37 | Poopass · age_up imperial |
| 48:55 | Poopass · wall_segment Stone Wall x1 |
| 49:03 | Poopass · wall_segment Stone Wall x4 |
| 50:04 | Relic | Juanito Alimaña · first_building Monastery |
| 51:34 | Poopass · wall_segment Stone Wall x5 |
| 51:38 | Poopass · wall_segment Stone Wall x7 |
| 51:49 | Poopass · wall_segment Stone Wall x2 |
| 51:57 | Poopass · wall_segment Stone Wall x24 |
| 52:11 | Poopass · wall_segment Stone Wall x9 |
| 52:14 | Poopass · wall_segment Stone Wall x13 |
| 52:17 | Poopass · wall_segment Stone Wall x5 |
| 52:20 | Poopass · wall_segment Stone Wall x29 |
| 52:22 | Poopass · wall_segment Stone Wall x10 |
| 52:26 | Poopass · wall_segment Stone Wall x22 |
| 52:28 | Poopass · wall_segment Stone Wall x6 |
| 52:31 | Poopass · wall_segment Stone Wall x4 |
| 52:42 | Poopass · wall_segment Stone Wall x10 |
| 52:44 | Poopass · wall_segment Stone Wall x5 |
| 52:47 | Poopass · wall_segment Stone Wall x5 |
| 52:50 | Poopass · wall_segment Stone Wall x7 |
| 52:52 | Poopass · wall_segment Stone Wall x8 |
| 52:57 | Poopass · wall_segment Stone Wall x22 |
| 53:00 | Poopass · wall_segment Stone Wall x7 |
| 53:03 | Poopass · wall_segment Stone Wall x8 |
| 53:06 | Poopass · wall_segment Stone Wall x15 |
| 53:08 | Poopass · wall_segment Stone Wall x15 |
| 53:10 | Poopass · wall_segment Stone Wall x4 |
| 53:13 | Poopass · wall_segment Stone Wall x9 |
| 53:17 | Poopass · wall_segment Stone Wall x6 |
| 53:20 | Poopass · wall_segment Stone Wall x9 |
| 53:23 | Poopass · wall_segment Stone Wall x3 |
| 53:27 | Poopass · wall_segment Stone Wall x2 |
| 53:28 | Poopass · wall_segment Stone Wall x8 |
| 53:31 | Poopass · wall_segment Stone Wall x6 |
| 53:32 | Poopass · wall_segment Stone Wall x9 |
| 53:36 | Poopass · wall_segment Stone Wall x3 |
| 53:37 | Poopass · wall_segment Stone Wall x5 |
| 53:38 | Poopass · wall_segment Stone Wall x6 |
| 53:40 | Poopass · wall_segment Stone Wall x8 |
| 53:45 | Poopass · wall_segment Stone Wall x12 |
| 53:48 | Poopass · wall_segment Stone Wall x18 |
| 53:49 | Poopass · wall_segment Stone Wall x6 |
| 53:51 | Poopass · wall_segment Stone Wall x4 |
| 53:54 | Poopass · wall_segment Stone Wall x13 |
| 53:56 | Poopass · wall_segment Stone Wall x5 |
| 53:58 | Poopass · wall_segment Stone Wall x8 |
| 72:02 | Poopass · wall_segment Stone Wall x1 |
| 75:49 | Poopass · first_building Siege Workshop |
| 92:12 | Poopass · wall_segment Stone Wall x6 |
| 92:18 | Poopass · wall_segment Stone Wall x3 |
| 92:20 | Poopass · wall_segment Stone Wall x13 |
| 93:48 | Relic | Juanito Alimaña · resign |
[ AI ANALYSIS · 1 CREDIT ]
What really happened in this match?
Wolo.gg analyzes every decision: build order, eco, micro, common mistakes by bracket. Personalized analysis on WhatsApp or Discord in 30 seconds.
Civ guide
Japanese
Perfil
Jugador #1602313